AoeStats
← iliass__mar90

Arena

508001002Analyzed
1v1 RM · 13d ago on Sep 20, 2026· 37m 47s· 2 players
Game mode
Random Map
Map size
Tiny (2 player)
Population
200
Speed
Normal
Resources
Standard
Victory
Conquest
Starting age
Dark Age
Ending age
Imperial Age
RankedLock teamsTeams togetherTeam positionsShared explorationLock speedFull tech treeHidden civsTurbo modeCheats
Victory
Defeat
🇺🇦 Khmer · Ukraine
810
+15
🇺🇸 Spanish · United States
787
-15
cecm111
10:33 Feudal Age
8:49 Loom
15:24 Castle Age
17:54 Double-Bit Axe
24:17 Town Watch
31:56 Forging
31:53 Scale Barding Armor
31:48 Scale Mail Armor
35:40 Bow Saw
iliass__mar90
11:23 Feudal Age
15:44 Castle Age
14:22 Horse Collar
14:29 Double-Bit Axe
14:36 Gold Mining
16:14 Light Cavalry
17:05 Husbandry
17:36 Scale Mail Armor
31:41 Imperial Age
31:18 Bow Saw
32:14 Cavalier
32:41 Light Cavalry
33:32 Bloodlines
34:20 Conscription
Connection lost

Rejoining the realm…

Still unreachable

The connection could not be restored.

Session expired

The server has moved on; the page needs a fresh start.